 Dungeon Crawl Stone Soup version 0.25.1-1-g288607f (webtiles) character file.

Game seed: 4133172183024630535

2895644 jjjjhere the End of an Era (level 27, 128/273 HPs)
             Began as a Hill Orc Wanderer on July 19, 2020.
             Was the Champion of Qazlal.
             Escaped with the Orb
             ... and 5 runes on July 22, 2020!
             The game lasted 03:13:12 (88469 turns).

jjjjhere the End of an Era (Hill Orc Wanderer)     Turns: 88469, Time: 03:13:12

Health: 128/273    AC: 48    Str: 27    XL:     27
Magic:  41/41      EV: 11    Int:  9    God:    Qazlal [******]
Gold:   9864       SH:  8    Dex: 17    Spells: 43/54 levels left

rFire    + . .     SeeInvis +   l - +7 executioner's axe (holy)
rCold    + . .     Gourm    .   (shield currently unavailable)
rNeg     + . .     Faith    +   a - +6 gold dragon scales
rPois    +         Spirit   .   M - +0 helmet {SInv}
rElec    +         Reflect  .   q - +2 cloak {MR+}
rCorr    .         Harm     .   y - +0 pair of fencer's gloves {Riposte Dex+3}
MR       +++..                  H - +0 pair of boots {Fly}
Stlth    ..........             z - amulet of the Skies Above {Faith rElec rPois rN+}
HPRegen  0.55/turn              R - +4 ring of protection
MPRegen  0.27/turn              i - +4 ring of protection

@: protected from physical damage, flying, hasted, studying Polearms, repel
missiles, very quick
A: thin skeletal structure 1, dopey 1, mutation resistance 1, sense surroundings
1, subdued magic 1
0: Orb of Zot
}: 5/15 runes: serpentine, barnacled, slimy, silver, abyssal
a: Upheaval, Elemental Force, Disaster Area, Renounce Religion, Stop Flying


You escaped.
You worshipped Qazlal.
Qazlal was exalted by your worship.
You were not hungry.

You visited 11 branches of the dungeon, and saw 55 of its levels.
You visited the Abyss 11 times.
You visited 1 bazaar.
You also visited: Trove and Ice Cave.

You collected 12447 gold pieces.
You spent 2583 gold pieces at shops.

Inventory:

Hand Weapons
 l - a +7 executioner's axe of holy wrath (weapon)
 N - a +8 vampiric battleaxe
Missiles
 n - 9 throwing nets
 v - 46 boomerangs (quivered)
 Y - 17 silver javelins
Armour
 a - +6 gold dragon scales (worn)
 q - a +2 cloak of magic resistance (worn)
 s - the +0 hat of Ijeesch {rF++ Int+3 SInv Stlth+}
   (You found it in an ice cave)

   It affects your intelligence (+3).
   It greatly protects you from fire.
   It lets you see invisible.
   It makes you more stealthy.
 y - the +0 pair of fencer's gloves (worn) {Riposte Dex+3}
   (You bought it in a shop on level 2 of the Snake Pit)

   It affects your dexterity (+3).
 H - a +0 pair of boots of flying (worn)
 M - a +0 helmet of see invisible (worn)
Jewellery
 d - an uncursed ring of protection from fire
 i - a +4 ring of protection (right hand)
 r - an uncursed ring of protection from magic
 z - the amulet of the Skies Above (around neck) {Faith rElec rPois rN+}
   (You took it off a merfolk siren on level 4 of the Shoals)

   [amulet of faith]

   It allows you to gain divine favour quickly.
   It insulates you from electricity.
   It protects you from poison.
   It protects you from negative energy.
 A - an uncursed ring of protection from cold
 J - an uncursed ring of resist corrosion
 R - a +4 ring of protection (left hand)
 T - the ring of Eternity {Wiz rElec MR+ Str-4}
   (You found it on level 5 of the Vaults)

   [ring of wizardry]

   It improves your spell success rate.
   It affects your strength (-4).
   It insulates you from electricity.
   It affects your resistance to hostile enchantments.
Wands
 t - a wand of disintegration (13)
 u - a wand of iceblast (47)
 w - a wand of enslavement (45)
 E - a wand of paralysis (24)
 P - a wand of clouds (12)
 Q - a wand of digging (17)
 Z - a wand of acid (31)
Scrolls
 b - 23 scrolls of remove curse
 j - 11 scrolls of fog
 p - a scroll of acquirement
 C - 7 scrolls of fear
 D - 4 scrolls of silence
 G - 25 scrolls of teleportation
 L - 13 scrolls of blinking
 S - 19 scrolls of identify
 U - 4 scrolls of holy word
 V - 16 scrolls of magic mapping
Potions
 c - 3 potions of magic
 e - 7 potions of cancellation
 g - 3 potions of mutation
 h - 13 potions of brilliance
 k - 4 potions of haste
 m - 34 potions of curing
 x - 12 potions of invisibility
 B - 4 potions of might
 I - 2 potions of berserk rage
 K - 14 potions of heal wounds
 O - 8 potions of resistance
 W - 2 potions of ambrosia
Books
 X - a manual of Polearms
Miscellaneous
 o - 4 boxes of beasts
 F - a lightning rod (4/4)
Comestibles
 f - 67 rations


   Skills:
 O Level 27 Fighting
 - Level 25.9(26.0) Axes
 - Level 3.2(15.7) Polearms
 - Level 16.0 Throwing
 - Level 18.7 Armour
 - Level 8.9 Dodging
 - Level 1.0 Stealth
 - Level 14.0 Spellcasting
 - Level 16.8 Translocations
   Level 2.1 Fire Magic
 O Level 27 Invocations
 + Level 23.4 Evocations


You had 43 spell levels left.
You knew the following spells:

 Your Spells              Type           Power        Failure   Level  Hunger
a - Blink                 Tloc           N/A          1%          2    None
b - Controlled Blink      Tloc           N/A          100%        8    #######
c - Apportation           Tloc           ####..       1%          1    None

Your spell library contained the following spells:

 Spells                   Type           Power        Failure   Level  Hunger
 Gell's Gravitas          Tloc           ####......   1%          3    ##.....
 Lesser Beckoning         Tloc           ####......   1%          3    ##.....
 Teleport Other           Tloc           ####....     1%          3    ##.....
 Shroud of Golubria       Chrm/Tloc      ###...       5%          2    None
 Portal Projectile        Hex/Tloc       ###...       11%         3    ##.....
 Recall                   Summ/Tloc      N/A          11%         3    ##.....
 Dispersal                Tloc           ####......   19%         6    #######
 Iskenderun's Mystic Bla  Conj/Tloc      ###.....     36%         4    ####...
 Foxfire                  Conj/Fire      #...         61%         1    None
 Summon Forest            Summ/Tloc      ###.......   73%         5    #####..
 Animate Skeleton         Necr           N/A          77%         1    None
 Beastly Appendage        Tmut           #.....       77%         1    None
 Corona                   Hex            #......      77%         1    None
 Freeze                   Ice            #...         77%         1    None
 Infusion                 Chrm           #...         77%         1    None
 Magic Dart               Conj           #...         77%         1    None
 Pain                     Necr           #...         77%         1    None
 Shock                    Conj/Air       #...         77%         1    None
 Sting                    Tmut/Pois      #...         77%         1    None
 Summon Small Mammal      Summ           #...         77%         1    None
 Call Imp                 Summ           #.......     89%         2    None
 Corpse Rot               Necr/Air       N/A          89%         2    None
 Ensorcelled Hibernation  Hex/Ice        #.....       89%         2    None
 Passwall                 Tmut/Erth      #.......     89%         2    None
 Poisonous Vapours        Pois/Air       #.....       89%         2    None
 Searing Ray              Conj           #.....       89%         2    None
 Song of Slaying          Chrm           #.......     89%         2    None
 Sublimation of Blood     Necr           #.........   89%         2    None
 Swiftness                Chrm/Air       #.......     89%         2    None
 Conjure Flame            Conj/Fire      #.......     94%         3    ##.....
 Inner Flame              Hex/Fire       #.......     94%         3    ##.....
 Call Canine Familiar     Summ           #.......     98%         3    ##.....
 Confusing Touch          Hex            #.......     98%         3    ##.....
 Dazzling Flash           Conj/Hex       #.....       98%         3    ##.....
 Ozocubu's Armour         Chrm/Ice       #.......     98%         3    ##.....
 Spectral Weapon          Hex/Chrm       #.......     98%         3    ##.....
 Spider Form              Tmut/Pois      #.........   98%         3    ##.....
 Static Discharge         Conj/Air       #.......     98%         3    ##.....
 Summon Guardian Golem    Hex/Summ       #.......     98%         3    ##.....
 Tukima's Dance           Hex            #.......     98%         3    ##.....
 Airstrike                Air            #.........   100%        4    ####...
 Animate Dead             Necr           N/A          100%        4    ####...
 Cause Fear               Hex            #.........   100%        4    ####...
 Dispel Undead            Necr           #.......     100%        4    ####...
 Fulminant Prism          Conj/Hex       #.........   100%        4    ####...
 Ice Form                 Ice/Tmut       #.......     100%        4    ####...
 Leda's Liquefaction      Hex/Erth       #.........   100%        4    ####...
 Petrify                  Tmut/Erth      #.......     100%        4    ####...
 Sticky Flame             Conj/Fire      #.......     100%        4    ####...
 Summon Ice Beast         Ice/Summ       #.......     100%        4    ####...
 Summon Lightning Spire   Summ/Air       #.......     100%        4    ####...
 Agony                    Necr           #.......     100%        5    #####..
 Alistair's Intoxication  Tmut/Pois      #.......     100%        5    #####..
 Aura of Abjuration       Summ           #.........   100%        5    #####..
 Bolt of Magma            Conj/Fire/Erth #.........   100%        5    #####..
 Borgnjor's Vile Clutch   Necr/Erth      #.........   100%        5    #####..
 Excruciating Wounds      Chrm/Necr      #.........   100%        5    #####..
 Fireball                 Conj/Fire      #.........   100%        5    #####..
 Irradiate                Conj/Tmut      #.........   100%        5    #####..
 Lee's Rapid Deconstruct  Erth           #.........   100%        5    #####..
 Lightning Bolt           Conj/Air       #.........   100%        5    #####..
 Metabolic Englaciation   Hex/Ice        #.........   100%        5    #####..
 Silence                  Hex/Air        #.........   100%        5    #####..
 Summon Demon             Summ           #.........   100%        5    #####..
 Summon Mana Viper        Hex/Summ       #.......     100%        5    #####..
 Yara's Violent Unravell  Hex/Tmut       #.........   100%        5    #####..
 Conjure Ball Lightning   Conj/Air       #.........   100%        6    #######
 Darkness                 Hex            #.........   100%        6    #######
 Death Channel            Necr           #.........   100%        6    #######
 Hydra Form               Tmut           #.........   100%        6    #######
 Invisibility             Hex            #.......     100%        6    #######
 Iron Shot                Conj/Erth      #.........   100%        6    #######
 Shadow Creatures         Summ           N/A          100%        6    #######
 Simulacrum               Ice/Necr       #.........   100%        6    #######
 Statue Form              Tmut/Erth      #........    100%        6    #######
 Dragon Form              Tmut           #.........   100%        7    #######
 Orb of Destruction       Conj           #.........   100%        7    #######
 Ring of Flames           Chrm/Fire      #.........   100%        7    #######
 Discord                  Hex            #.........   100%        8    #######
 Disjunction              Tloc           ####......   100%        8    #######
 Shatter                  Erth           #.........   100%        9    #######
 Tornado                  Air            #.........   100%        9    #######
 Passage of Golubria      Tloc           Unusable     N/A         4    N/A

Dungeon Overview and Level Annotations

Branches:
Dungeon (15/15)            Temple (0/1) D:4            Lair (6/6) D:11
 Shoals (4/4) Lair:3        Snake (4/4) Lair:4        Slime (5/5) Lair:6
    Orc (2/2) D:12            Elf (3/3) Orc:2        Vaults (5/5) D:13
  Crypt (0/3) Vaults:2     Depths (5/5) D:15           Hell (visited)
    Zot (5/5) Depths:5      IceCv (visited)
    Dis: Hell:1         Geh: Hell:1         Coc: Hell:1         Tar: Hell:1

Altars:
Fedhas
Nemelex Xobeh
Qazlal
Ru
Sif Muna
Xom
Jiyva
Lugonu

Shops:
D:9 }?   Orc:2 (:(=   Elf:1 :   Elf:3 :(*   Shoals:1 (   Snake:2 [   Depths:1 %
Depths:5 [

Portals:
Hell: Depths:1 Depths:2 Depths:3 Depths:4 Depths:5
Abyss: Depths:3 Depths:4
Pandemonium: Depths:3 Depths:4

Annotations:
D:11 exclusion: 2 oklob plants
Elf:2 3 runed translucent doors
Depths:1 1 runed translucent door
Depths:4 exclusion: 2 doors


Innate Abilities, Weirdness & Mutations

You have a somewhat thin skeletal structure. (Dex +2, Stealth)
You are dopey. (Int -2)
You are somewhat resistant to further mutation.
You passively map a small area around you.
Your spells are a little easier to cast, but a little less powerful.


Message History

The Executioner closely misses you. You block the Executioner's attack.
The Executioner is engulfed in blazing flames. x2
The Executioner hits you but does no damage. x3
There is an open door here.
The Executioner hits you but does no damage. x2
You block the Executioner's attack.
The Executioner hits you but does no damage. x2
You block the Executioner's attack.
The Executioner hits you but does no damage. x3
The Executioner misses you.
You riposte.
You open the Executioner like a pillowcase!!!
The Executioner convulses!!
You kill the Executioner!
Qazlal accepts your kill.
There is an open door here.
There is a staircase leading out of the dungeon here.
Enter note: phew. storms is loud
Enter note: good manuals this game. was going to do extended by the abyss stunk so changed my mind You can't go down here!
You have escaped!

#.≈##'####'####+##
##.
#.≈≈#.#.......#.#
#.
..≈≈#.#...8...#.#
#.
..≈≈#.+.#####.'.#
##
..≈≈#.#...8...#.#
#
..≈≈#.#.......#.#
#
..≈##'####+####'##
#
..≈#..'......)'..#
#.≈#⌠.####'####.@#
#.≈####≈≈≈.≈≈≈####
#.≈≈≈≈≈≈≈≈.≈≈≈≈≈≈≈
#..........#######
############


There were no monsters in sight!

Vanquished Creatures
  the Royal Jelly (Slime:5)
  11 ancient liches
  5 orbs of fire
  A juggernaut (Depths:5)
  5 Killer Klowns
  Saint Roka (Vaults:3)
  Nikola (Depths:3)
  A profane servitor (Abyss:2)
  Jory (Depths:4)
  Geryon (Hell)
  12 golden dragons
  A Tzitzimitl (Depths:2)
  4 electric golems
  A hellephant (Abyss:3)
  8 bone dragons
  25 tentacled monstrosities
  6 liches
  Rupert (D:13)
  Jorgrun (D:14)
  3 titans
  An Ice Fiend (IceCv)
  25 Orb Guardians
  7 quicksilver dragons
  A Hell Sentinel (D:15)
  Polyphemus (Shoals:4)
  25 acid blobs
  A deep elf master archer (Elf:2)
  6 sphinxes
  22 death cobs
  23 tentacled starspawn
  6 krakens
  14 shadow dragons
  4 Executioners
  12 tengu reavers
  11 storm dragons
  7 draconian monks
  A revenant (Abyss:1)
  A daeva (Abyss:1)
  6 draconian knights
  6 iron dragons
  12 nagarajas
  11 vault wardens
  8 deep elf sorcerers
  11 fire giants
  2 ghost moths (Zot:4)
  15 azure jellies
  10 draconian shifters
  6 frost giants
  4 balrugs
  3 cacodemons
  Aizul (Shoals:1)
  5 draconian scorchers
  6 reapers
  9 ironheart preservers
  7 deep elf elementalists
  12 draconian annihilators
  6 draconian stormcallers
  2 spriggan defenders
  An ophan (Abyss:2)
  19 very ugly things
  21 stone giants
  6 war gargoyles
  A juggernaut skeleton (Depths:1)
  An entropy weaver (Vaults:2)
  17 green draconians
  8 deep elf demonologists
  21 purple draconians
  15 deep elf annihilators
  2 pale draconians (Depths:5)
  3 lorocyprocas
  9 yellow draconians
  A spark wasp (shapeshifter) (Vaults:5)
  18 black draconians
  14 red draconians
  4 spark wasps
  18 white draconians
  11 ettins
  An eidolon (Depths:2)
  3 blizzard demons
  3 green deaths
  4 crystal guardians (Elf:3)
  7 deep elf death magi
  12 fire dragons
  3 merfolk javelineers
  3 merfolk impalers
  2 quicksilver dragon zombies
  6 death oozes (Slime:5)
  9 deep elf high priests
  15 yaktaur captains
  The ghost of WaxSun the Protected, a journeyman MiFi of Qazlal (D:11)
  2 jiangshi (Depths:2)
  A hydra (shapeshifter) (Vaults:4)
  13 great orbs of eyes
  Erolcha (Orc:1)
  13 ice dragons
  The ghost of jjjjhere the Severer, a journeyman HOWn of Zin (Lair:2)
  25 vault guards
  A quicksilver dragon skeleton (Hell)
  18 naga warriors
  A hell beast (Depths:3)
  6 rakshasas
  4 spriggan air magi (Depths:4)
  7 hydras
  13 centaur warriors
  5 merfolk avatars
  6 catoblepae
  A death knight (Vaults:4)
  20 two-headed ogres
  24 anacondas
  7 ogre magi
  21 dancing weapons
  2 merfolk aquamancers (Shoals:4)
  7 hell hogs
  3 satyrs
  8 deep troll earth magi
  10 death yaks
  8 tengu warriors
  5 deep troll shamans
  3 vampire magi
  22 thrashing horrors
  Urug (D:13)
  38 small abominations
  3 orc high priests (Orc:2)
  15 naga sharpshooters
  5 spriggan berserkers
  A titan zombie (Hell)
  13 sun demons
  An iron golem (Hell)
  A storm dragon zombie (Zot:3)
  12 shock serpents
  Nergalle (Lair:1)
  24 deep elf knights
  7 soul eaters
  8 sixfirhies
  3 spriggans
  A fire crab (shapeshifter) (Abyss:3)
  5 shadow wraiths
  An iron troll (shapeshifter) (Vaults:4)
  17 wretched stars
  5 iron trolls
  4 salamander mystics
  3 spatial maelstroms (Abyss:2)
  15 sea snakes
  2 sea snakes (shapeshifter)
  16 hell knights
  8 skeletal warriors
  A deep troll (shapeshifter) (Abyss:1)
  A spectral anaconda (Depths:2)
  An unseen horror (shapeshifter) (Elf:3)
  2 shadow demons
  3 swamp dragons (Depths:5)
  26 deep trolls
  A golden dragon zombie (Zot:3)
  3 orange crystal statues
  8 unseen horrors
  14 deep elf archers
  9 glowing orange brains
  4 wizards
  4 death drakes
  An anaconda skeleton (Abyss:1)
  8 flayed ghosts
  5 necromancers
  15 ironbrand convokers
  A lindwurm (Lair:2)
  3 phantasmal warriors
  A golden dragon skeleton (Hell)
  12 naga ritualists
  A spectral hydra (Depths:2)
  20 harpies
  52 deep elf magi
  17 orc knights
  6 orc sorcerers
  6 cyclopes
  3 wolf spiders
  A stone giant zombie (D:15)
  7 shining eyes
  17 mana vipers
  An iron dragon zombie (D:15)
  47 ugly things
  21 salamanders
  15 fauns
  A shadow dragon skeleton (Depths:1)
  8 worldbinders
  A guardian serpent (shapeshifter) (Vaults:5)
  35 moths of wrath
  15 manticores
  11 merfolk sirens
  A moth of wrath (shapeshifter) (Abyss:4)
  9 elephants
  4 water nymphs
  2 fire giant skeletons
  51 black mambas
  Maurice (D:9)
  A dire elephant zombie (Abyss:2)
  A black mamba (shapeshifter) (Elf:2)
  An ice statue (IceCv)
  6 rust devils
  30 naga magi
  18 vault sentinels
  An eye of devastation (shapeshifter) (Abyss:4)
  3 eyes of devastation
  20 guardian serpents
  A torpor snail (Lair:4)
  9 orange demons
  2 gargoyles
  8 smoke demons
  4 apocalypse crabs
  Maggie (Lair:1)
  11 freezing wraiths
  9 spiny frogs
  7 rime drakes
  2 demonic crawlers (Abyss:1)
  A ghost moth simulacrum (Abyss:3)
  3 komodo dragons
  A catoblepas zombie (Hell)
  4 efreet
  4 spectral merfolk (Depths:2)
  2 hellions
  A yaktaur skeleton (Depths:1)
  11 ice devils
  49 yaktaurs
  3 golden dragon simulacra (IceCv)
  3 tormentors
  2 anaconda simulacra (IceCv)
  2 hellwings
  6 red devils
  6 tengu conjurers
  A shadow dragon simulacrum (Depths:3)
  A guardian mummy (D:15)
  11 trolls
  A jumping spider (shapeshifter) (Vaults:4)
  25 merfolk
  13 ancient zymes
  5 hornets
  A polar bear (shapeshifter) (Abyss:5)
  A hydra zombie (Hell)
  A jumping spider (Vaults:2)
  2 polar bears
  4 wind drakes
  A hydra skeleton (Hell)
  29 raiju
  9 blink frogs
  2 wind drakes (shapeshifter)
  98 slime creatures
  An ettin zombie (Abyss:1)
  16 hippogriffs
  8 snapping turtles
  A dream sheep (shapeshifter) (Vaults:2)
  Prince Ribbit (D:11)
  3 dream sheep (Shoals:4)
  A raiju (shapeshifter) (Elf:1)
  2 ice dragon zombies
  A spriggan zombie (D:15)
  2 human simulacra
  An air elemental (Elf:1)
  A frost giant simulacrum (Depths:1)
  A redback (shapeshifter) (Vaults:5)
  4 shadows
  2 redbacks (Vaults:2)
  2 vampires
  13 water elementals
  14 wyverns
  A spriggan (shapeshifter) (D:15)
  14 ynoxinuls
  A fire dragon skeleton (Depths:1)
  3 flying skulls (Abyss:5)
  A dire elephant simulacrum (IceCv)
  12 wraiths
  8 fire elementals
  2 fire bats
  57 large abominations
  16 humans (D:13)
  A hog (shapeshifter) (Depths:4)
  A human (shapeshifter) (Depths:3)
  A steam dragon (shapeshifter) (Depths:3)
  64 yaks
  5 hungry ghosts
  5 vampire mosquitoes (D:15)
  15 chaos spawn
  A yak (shapeshifter) (Vaults:3)
  4 golden eyes (Slime:5)
  3 steam dragons (Depths:5)
  8 basilisks
  8 neqoxecs
  2 spriggan simulacra
  6 insubstantial wisps (Abyss:1)
  62 nagas
  A soldier ant (shapeshifter) (Vaults:3)
  2 acid dragons (Vaults:1)
  3 iron troll simulacra (IceCv)
  7 wargs
  A naga (shapeshifter) (D:14)
  10 hydra simulacra
  A spectral spriggan (Depths:2)
  13 water moccasins
  13 hell hounds
  A soldier ant (D:15)
  A porcupine (shapeshifter) (Vaults:5)
  5 porcupines
  2 spectral trolls (Depths:2)
  A floating eye (shapeshifter) (Vaults:4)
  2 floating eyes
  35 orc warriors
  3 ice beasts
  2 ice dragon simulacra
  2 black bears
  A black bear (shapeshifter) (Vaults:4)
  A black mamba simulacrum (Abyss:3)
  7 eyes of draining
  5 sky beasts
  A snapping turtle zombie (Depths:2)
  A deep troll simulacrum (Depths:1)
  2 phantoms
  An alligator simulacrum (IceCv)
  13 centaurs
  22 wolves
  17 ogres
  4 boggarts (Abyss:1)
  3 ettin simulacra
  An elf simulacrum (Vaults:1)
  9 crocodiles
  7 big kobolds
  4 wyvern zombies
  4 gnoll sergeants
  17 bullfrogs
  5 earth elementals
  2 merfolk simulacra (Depths:2)
  A wyvern skeleton (D:9)
  10 scorpions
  3 spectral ogres (Depths:2)
  4 spectral nagas (Depths:2)
  5 killer bees (D:9)
  8 wights
  12 jellies
  9 howler monkeys
  An electric eel (Lair:3)
  A spectral centaur (Depths:2)
  7 centaur zombies
  80 starcursed masses
  10 crimson imps
  2 draconian simulacra (IceCv)
  7 quasits
  3 bullfrog zombies
  6 hounds
  5 centaur skeletons
  27 orc wizards
  2 bullfrog skeletons
  17 orc priests
  7 iron imps
  2 iguanas
  11 worker ants
  2 wolf simulacra (IceCv)
  2 centaur simulacra (IceCv)
  A hound skeleton (D:6)
  2 howler monkey skeletons
  3 naga simulacra
  3 ogre simulacra (IceCv)
  15 adders
  12 gnolls
  3 river rats (D:6)
  5 shadow imps
  12 white imps
  12 ufetubi
  14 oozes
  5 worms
  2 dart slugs
  6 leopard geckos
  97 orcs
  5 ball pythons
  4 bats (D:1)
  7 giant cockroaches
  5 goblins
  11 hobgoblins
  13 jackals
  51 kobolds
  6 quokkas
  4 frilled lizards
  A giant cockroach zombie (D:5)
  A jackal skeleton (D:8)
  2 quokka skeletons
  6 rats
  6 crawling corpses
  3 fungi
  5 lurking horrors
  23 plants
  23 starspawn tentacles
  22 tentacles
  6 withered plants (D:15)
3288 creatures vanquished.

Vanquished Creatures (collateral kills)
  Harold (D:9)
1 creature vanquished.

Vanquished Creatures (others)
  A deep elf blademaster (Elf:3)
  An Executioner (Abyss:2)
  A red draconian (Zot:2)
  A two-headed ogre (Depths:2)
  An ogre mage (Vaults:3)
  A hell hog (Hell)
  A deep elf knight (Vaults:1)
  A merfolk siren (Shoals:4)
  A yaktaur (Vaults:3)
  A blink frog (Abyss:4)
  A large abomination (Abyss:2)
  A spatial vortex (Abyss:2)
  2 orc warriors (Vaults:3)
  An eye of draining (Abyss:1)
  A quasit (Abyss:1)
  2 orc wizards
  4 orcs (Vaults:3)
  2 bushes
  28 fungi
  2 lurking horrors
  10 plants
  46 starspawn tentacles
  73 tentacles
  2 toadstools (D:6)
  2 withered plants
187 creatures vanquished.

Grand Total: 3476 creatures vanquished

Notes
Turn   | Place    | Note
-------+----------+-------------------------------------------
     0 | D:1      | jjjjhere the Hill Orc Wanderer began the quest for the Orb.
     0 | D:1      | jjjjhere set off with the following items: a +2 dagger, a
                  | potion of berserk rage, a +0 falchion, a +0 spear, a +0
                  | robe, a ration
     0 | D:1      | Reached XP level 1. HP: 16/16 MP: 1/1
   185 | D:1      | Reached skill level 1 in Axes
   189 | D:1      | HP: 5/16 [ooze (3)]
   193 | D:1      | HP: 2/16 [ooze (2)]
   194 | D:1      | Reached XP level 2. HP: 4/23 MP: 2/2
   199 | D:1      | HP: 1/23 [kobold/+0 club (3)]
   876 | D:1      | Reached XP level 3. HP: 28/28 MP: 3/3
  1430 | D:2      | HP: 7/28 [hobgoblin/+0 club (4)]
  1853 | D:2      | Reached XP level 4. HP: 27/35 MP: 4/4
  2231 | D:2      | Found a shimmering altar of Xom.
  2324 | D:2      | Found a sparkling altar of Nemelex Xobeh.
  2684 | D:3      | Reached skill level 5 in Axes
  3454 | D:3      | Reached XP level 5. HP: 40/40 MP: 5/5
  3551 | D:3      | Noticed a big kobold
  3553 | D:3      | Noticed a big kobold
  3663 | D:2      | Killed a big kobold
  3760 | D:2      | Killed a big kobold
  3760 | D:2      | Reached XP level 6. HP: 35/47 MP: 3/6
  3995 | D:3      | Found a stormy altar of Qazlal.
  4007 | D:3      | Became a worshipper of Qazlal Stormbringer
  4053 | D:3      | HP: 15/47 [poisoned by a kobold]
  4060 | D:3      | HP: 15/47 [poisoned by a kobold]
  4068 | D:3      | HP: 14/47 [poisoned by a kobold]
  5631 | D:4      | Reached XP level 7. HP: 46/52 MP: 5/7
  5803 | D:4      | Found a staircase to the Ecumenical Temple.
  6072 | D:4      | Reached * piety under Qazlal
  6216 | D:4      | Reached skill level 10 in Axes
  6718 | D:5      | Entered Level 5 of the Dungeon
  6950 | D:5      | Reached XP level 8. HP: 59/59 MP: 8/8
  7667 | D:5      | HP: 19/59 [bullfrog skeleton (6)]
  9502 | D:6      | Reached XP level 9. HP: 42/64 MP: 7/9
 10020 | D:6      | Reached ** piety under Qazlal
 10452 | D:6      | HP: 17/64 [orc warrior/+0 halberd (21)]
 10709 | D:5      | HP: 8/64 [orc warrior/+0 long sword (21)]
 10716 | D:5      | HP: 3/64 [orc warrior/+0 long sword (7)]
 11072 | D:6      | Reached skill level 1 in Armour
 11580 | D:7      | Reached skill level 1 in Invocations
 12386 | D:8      | Reached *** piety under Qazlal
 12617 | D:8      | Reached XP level 10. HP: 70/80 MP: 13/13
 12826 | D:8      | Reached skill level 5 in Fighting
 12826 | D:8      | Reached skill level 5 in Invocations
 13116 | D:9      | Found Fupnuji's Magic Scroll Shoppe.
 13124 | D:9      | Bought a scroll of teleportation for 36 gold pieces
 13124 | D:9      | Bought a scroll of teleportation for 36 gold pieces
 13124 | D:9      | Bought a scroll of teleportation for 36 gold pieces
 13124 | D:9      | Bought a scroll of identify for 24 gold pieces
 13158 | D:9      | Noticed Harold
 13616 | D:9      | Found Oxtiriam's Gadget Emporium.
 13647 | D:9      | HP: 25/83 [troll (3)]
 14242 | D:9      | Noticed Maurice
 14271 | D:9      | Killed Maurice
 14661 | D:9      | Killed Harold
 14982 | D:9      | Found a shimmering blue altar of Sif Muna.
 15322 | D:10     | Entered Level 10 of the Dungeon
 15322 | D:10     | Found a flagged portal.
 15491 | D:10     | Reached XP level 11. HP: 82/95 MP: 14/18
 15611 | D:10     | Noticed a two-headed ogre
 15635 | D:10     | Killed a two-headed ogre
 15635 | D:10     | Reached skill level 10 in Invocations
 15786 | D:10     | Noticed a two-headed ogre
 16061 | D:10     | Killed a two-headed ogre
 16230 | D:10     | Killed an unseen horror
 16801 | D:10     | Got an ichor-stained hand axe
 16802 | D:10     | Identified the +4 hand axe of Disgust {vorpal, MR++ Str+8
                  | Stlth-} (You found it on level 10 of the Dungeon)
 16826 | D:11     | Noticed a four-headed hydra
 16943 | D:11     | Reached skill level 15 in Axes
 16944 | D:11     | Noticed a brown ugly thing
 16954 | D:11     | Killed a brown ugly thing
 17192 | D:11     | Found a runed translucent door.
 17193 | D:11     | Noticed WaxSun's ghost (journeyman MiFi)
 17216 | D:11     | Noticed a manticore
 17337 | D:11     | Killed a manticore
 17481 | D:11     | Reached XP level 12. HP: 87/106 MP: 18/21
 17637 | D:11     | Found a blossoming altar of Fedhas.
 17675 | D:11     | Found a staircase to the Lair.
 18016 | D:11     | Killed a four-headed hydra
 18027 | D:11     | Reached **** piety under Qazlal
 18330 | Lair:1   | Entered Level 1 of the Lair of Beasts
 18330 | Lair:1   | Noticed Prince Ribbit
 18339 | D:11     | Killed Prince Ribbit
 18663 | Lair:1   | Noticed Nergalle
 18679 | Lair:1   | Killed Nergalle
 18701 | Lair:1   | You fall into a shaft and drop 1 floor!
 18734 | Lair:1   | Noticed Maggie
 18742 | Lair:1   | Killed Maggie
 19673 | Lair:2   | Got an iridescent war axe
 19674 | Lair:2   | Identified the cursed +0 war axe of Diet Blood {freeze,
                  | rElec} (You found it on level 2 of the Lair of Beasts)
 19719 | Lair:2   | Found a runed translucent gate.
 19719 | Lair:2   | Found a runed translucent gate.
 19719 | Lair:2   | Found a runed translucent gate.
 19719 | Lair:2   | Noticed jjjjhere's ghost (journeyman HOWn)
 19785 | Lair:2   | Reached skill level 1 in Throwing
 19911 | Lair:2   | Found the +8 whip "Snakebite" {curare, rPois}
 19966 | Lair:2   | Identified 2 scrolls of acquirement
 19970 | Lair:2   | Acquired a manual of Fighting
 19972 | Lair:2   | Acquired a manual of Axes
 20013 | Lair:2   | Noticed a catoblepas
 20022 | Lair:2   | Killed a catoblepas
 20022 | Lair:2   | Reached skill level 10 in Fighting
 20282 | Lair:2   | Reached XP level 13. HP: 114/114 MP: 21/24
 20344 | Lair:2   | You fall into a shaft and drop 2 floors!
 20391 | Lair:4   | Reached skill level 15 in Invocations
 22057 | Lair:3   | Found a staircase to the Shoals.
 22375 | Lair:4   | Found a staircase to the Snake Pit.
 23035 | D:11     | Killed WaxSun's ghost
 23041 | D:11     | Got a spiked plate armour
 23052 | D:11     | Identified the +9 plate armour of Ashenzari's Anger {+Inv
                  | Dex+3} (You found it on level 11 of the Dungeon)
 23817 | Lair:5   | Reached XP level 14. HP: 133/133 MP: 22/26
 24274 | Lair:6   | Entered Level 6 of the Lair of Beasts
 24311 | Lair:6   | Reached skill level 15 in Fighting
 24578 | Lair:6   | Found a staircase to the Slime Pits.
 25772 | Lair:5   | Got a slimy scale mail
 25783 | Lair:5   | Identified the +1 scale mail "Tias" {Regen+} (You found it
                  | on level 5 of the Lair of Beasts)
 25921 | Lair:2   | Killed jjjjhere's ghost
 26264 | D:12     | Found a staircase to the Orcish Mines.
 26268 | D:12     | Reached ***** piety under Qazlal
 27037 | Orc:1    | Entered Level 1 of the Orcish Mines
 27043 | Orc:1    | Noticed Erolcha
 27053 | Orc:1    | Killed Erolcha
 27053 | Orc:1    | Reached XP level 15. HP: 147/147 MP: 28/28
 27459 | Orc:2    | Entered Level 2 of the Orcish Mines
 27573 | Orc:2    | Found a staircase to the Elven Halls.
 27844 | Orc:2    | HP: 34/147 [orc knight/+0 great mace (15)]
 28613 | Orc:2    | Found Bumn's Jewellery Boutique.
 28617 | Orc:2    | Found Impeatz's Antique Weapon Emporium.
 28623 | Orc:2    | Found Cenotei's Book Emporium.
 28625 | Orc:2    | Found Eweorch's Weapon Boutique.
 29042 | D:13     | Noticed Urug
 29045 | D:13     | Noticed Rupert
 29075 | D:13     | Killed Rupert
 29088 | D:13     | Killed Urug
 29157 | D:13     | Found a gate to the Vaults.
 29847 | D:14     | Noticed a tengu reaver
 29865 | D:14     | Killed a tengu reaver
 29865 | D:14     | Reached skill level 5 in Armour
 30132 | D:14     | You fall into a shaft and drop 1 floor!
 30132 | D:15     | Entered Level 15 of the Dungeon
 30132 | D:15     | Found a staircase to the Depths.
 30166 | D:15     | HP: 43/149 [red ugly thing (7)]
 30216 | D:15     | Reached XP level 16. HP: 77/157 MP: 6/29
 31143 | D:14     | Noticed Jorgrun
 31167 | D:14     | Killed Jorgrun
 31958 | Snake:1  | Entered Level 1 of the Snake Pit
 32072 | Lair:4   | HP: 51/157 [poisoned by a naga mage (splash of poison)]
 32077 | Lair:4   | HP: 47/157 [poisoned by a naga mage (splash of poison)]
 32082 | Lair:4   | HP: 45/157 [poisoned by a naga mage (splash of poison)]
 32087 | Lair:4   | HP: 44/157 [poisoned by a naga mage (splash of poison)]
 32092 | Lair:4   | HP: 43/157 [poisoned by a naga mage (splash of poison)]
 32099 | Lair:4   | HP: 44/157 [poisoned by a naga mage (splash of poison)]
 32107 | Lair:4   | HP: 45/157 [poisoned by a naga mage (splash of poison)]
 32452 | Lair:4   | HP: 50/157 [poisoned by a naga ritualist]
 32457 | Lair:4   | HP: 38/157 [poisoned by a naga ritualist]
 32462 | Lair:4   | HP: 31/157 [poisoned by a naga ritualist]
 32467 | Lair:4   | HP: 26/157 [poisoned by a naga ritualist]
 32472 | Lair:4   | HP: 23/157 [poisoned by a naga ritualist]
 32478 | Lair:4   | HP: 21/157 [poisoned by a naga ritualist]
 32485 | Lair:4   | HP: 20/157 [poisoned by a naga ritualist]
 32492 | Lair:4   | HP: 21/157 [poisoned by a naga ritualist]
 32500 | Lair:4   | HP: 22/157 [poisoned by a naga ritualist]
 33718 | Snake:1  | Reached ****** piety under Qazlal
 34000 | Snake:2  | Noticed a nagaraja
 34010 | Snake:2  | Killed a nagaraja
 34010 | Snake:2  | Reached XP level 17. HP: 156/163 MP: 27/31
 34056 | Snake:2  | Reached skill level 10 in Armour
 34731 | Snake:2  | Found Zucryowk's Antique Armour Emporium.
 35191 | Snake:3  | Reached skill level 5 in Throwing
 36142 | Snake:4  | Entered Level 4 of the Snake Pit
 36251 | Snake:4  | Reached XP level 18. HP: 171/171 MP: 27/32
 36454 | Snake:3  | Acquired 3080 gold pieces
 36521 | Snake:2  | Bought a pair of runed boots for 217 gold pieces
 36532 | Snake:2  | Bought the +0 pair of fencer's gloves {Riposte Dex+3} for
                  | 1160 gold pieces
 36532 | Snake:2  | Found the +0 pair of fencer's gloves {Riposte Dex+3}
 36615 | Snake:4  | Reached skill level 5 in Dodging
 37168 | Snake:4  | Identified the cursed +0 scimitar of Pashepial {vorpal,
                  | SInv}
 37375 | Snake:4  | Got a serpentine rune of Zot
 37743 | Shoals:1 | Entered Level 1 of the Shoals
 38372 | Shoals:1 | Reached XP level 19. HP: 179/179 MP: 34/34
 38561 | Shoals:1 | Found Naosuro's Weapon Boutique.
 38710 | Shoals:2 | Noticed Aizul
 38720 | Shoals:1 | Killed Aizul
 40740 | Shoals:4 | Entered Level 4 of the Shoals
 40917 | Shoals:4 | Noticed Polyphemus
 40939 | Shoals:4 | Killed Polyphemus
 41089 | Shoals:3 | HP: 59/180 [poisoned by a sea snake]
 41094 | Shoals:3 | HP: 51/180 [poisoned by a sea snake]
 41099 | Shoals:3 | HP: 46/180 [poisoned by a sea snake]
 41104 | Shoals:3 | HP: 43/180 [poisoned by a sea snake]
 41109 | Shoals:3 | HP: 41/180 [poisoned by a sea snake]
 41115 | Shoals:3 | HP: 40/180 [poisoned by a sea snake]
 41121 | Shoals:3 | HP: 40/180 [poisoned by a sea snake]
 41129 | Shoals:3 | HP: 42/180 [poisoned by a sea snake]
 41743 | Shoals:4 | Acquired a manual of Throwing
 42154 | Shoals:4 | Identified the amulet of the Skies Above {Faith rElec rPois
                  | rN+}
 42479 | Shoals:4 | Reached skill level 10 in Throwing
 42551 | Shoals:4 | Got a barnacled rune of Zot
 43005 | D:11     | so many manuals
 43082 | Vaults:1 | Entered Level 1 of the Vaults
 43109 | Vaults:1 | Got a glimmering broad axe
 43110 | Vaults:1 | Identified the +9 broad axe of Sin {flame, *Contam +Blink
                  | MR+ Dex+7} (You found it on level 1 of the Vaults)
 43333 | Vaults:1 | Reached XP level 20. HP: 189/189 MP: 36/36
 44733 | Vaults:2 | Found a staircase to the Crypt.
 46222 | Vaults:3 | Reached XP level 21. HP: 198/198 MP: 37/37
 46480 | Vaults:3 | Acquired a +3 executioner's axe of holy wrath
 46838 | Vaults:3 | Noticed Saint Roka
 46856 | Vaults:3 | Killed Saint Roka
 47118 | Vaults:3 | Found a flickering gateway to a bazaar.
 47128 | Bazaar   | Entered a bazaar
 47131 | Bazaar   | Found Dent's Book Shop.
 47134 | Bazaar   | Found Dusioxe's Magic Scroll Boutique.
 47139 | Bazaar   | Found Jeru's Gadget Shop.
 47139 | Bazaar   | Found Jemyf's Book Boutique.
 47141 | Bazaar   | Bought a scroll of teleportation for 39 gold pieces
 47310 | Bazaar   | Bought a scroll of magic mapping for 45 gold pieces
 47401 | Vaults:3 | Found the +3 robe of Folly {Archmagi, MR-- Int+5}
 50230 | Vaults:4 | Found a portal to a secret trove of treasure.
 50625 | D:15     | Found a sacrificial altar of Ru.
 50780 | D:15     | Found a shimmering blue altar of Sif Muna.
 50934 | Depths:1 | Entered Level 1 of the Depths
 51050 | Depths:1 | Reached XP level 22. HP: 191/211 MP: 38/38
 51434 | Depths:1 | Found Wogomp's Food Shop.
 51648 | Depths:1 | Reached skill level 5 in Evocations
 51895 | Depths:1 | Found a gateway to Hell.
 52056 | Depths:1 | Found a runed translucent door.
 52214 | Depths:1 | Found the +7 captain's cutlass {speed, disarm}
 52970 | Depths:3 | Found a one-way gate leading to the halls of Pandemonium.
 53319 | Depths:3 | Noticed Nikola
 53329 | Depths:3 | Killed Nikola
 53704 | Depths:3 | Identified the +10 rapier of Excruciating Pain {vorpal,
                  | MP+9 Str+6 Int+4}
 53948 | Depths:3 | Reached XP level 23. HP: 222/222 MP: 39/39
 54057 | Depths:3 | Found a one-way gate to the infinite horrors of the Abyss.
 54942 | Depths:2 | Reached skill level 15 in Armour
 54942 | Depths:2 | Reached XP level 24. HP: 192/232 MP: 39/39
 55456 | Hell     | Entered the Vestibule of Hell
 55456 | Hell     | Noticed Geryon
 55469 | Hell     | Killed Geryon
 57087 | Vaults:4 | You paid a toll of the horn of Geryon to enter a treasure
                  | trove
 57088 | Trove    | Entered a treasure trove
 57148 | Trove    | Reached skill level 15 in Throwing
 57148 | Trove    | Reached XP level 25. HP: 243/243 MP: 39/39
 57175 | Trove    | Got a transparent pewter amulet
 57176 | Trove    | Identified the amulet of Gozag's Fury {Inacc +Inv rPois
                  | Dex-4} (You found it in a treasure trove)
 57182 | Trove    | Got a twitching steel amulet
 57183 | Trove    | Identified the amulet of Huzoocef {Faith *Slow Dex+5 SInv}
                  | (You found it in a treasure trove)
 57196 | Trove    | Identified the +1 ring mail "Tainabal" {rF+ Regen+} (You
                  | found it in a treasure trove)
 57220 | Vaults:5 | Entered Level 5 of the Vaults
 57898 | Vaults:5 | Reached XP level 26. HP: 228/254 MP: 39/39
 59822 | Vaults:5 | Got an ancient lapis lazuli ring
 59824 | Vaults:5 | Identified the ring of Eternity {Wiz rElec MR+ Str-4} (You
                  | found it on level 5 of the Vaults)
 59856 | Vaults:5 | Identified the Almanac of the Pit
 60358 | Vaults:5 | Got a silver rune of Zot
 61965 | Depths:4 | Reached XP level 27. HP: 256/268 MP: 40/40
 62198 | Depths:4 | You fall into a shaft and drop 1 floor!
 62198 | Depths:5 | Entered Level 5 of the Depths
 62198 | Depths:5 | Noticed a juggernaut
 62199 | Depths:5 | Reached skill level 27 in Invocations
 62205 | Depths:5 | Killed a juggernaut
 62634 | Depths:5 | Found a gate to the Realm of Zot.
 62757 | Depths:5 | Reached skill level 27 in Fighting
 62769 | Depths:5 | Learned a level 2 spell: Blink
 62832 | Depths:5 | Found Baolegus's Antique Armour Shoppe.
 62938 | Depths:4 | Noticed Jory
 62958 | Depths:4 | Killed Jory
 63448 | Depths:4 | Identified Sif Muna's Catalogue of Shifting Flight
 63860 | Depths:4 | Voluntarily entered the Abyss.
 64328 | Abyss:2  | Found a shimmering altar of Xom.
 64328 | Abyss:2  | Found a shimmering altar of Xom.
 64329 | Abyss:2  | Found a shimmering altar of Xom.
 64330 | Abyss:2  | Found a corrupted altar of Lugonu.
 64330 | Abyss:2  | Found a shimmering altar of Xom.
 64332 | Abyss:2  | Found a shimmering altar of Xom.
 64332 | Abyss:2  | Found a shimmering altar of Xom.
 64332 | Abyss:2  | Found a shimmering altar of Xom.
 64332 | Abyss:2  | Found a shimmering altar of Xom.
 64332 | Abyss:2  | Found a shimmering altar of Xom.
 64332 | Abyss:2  | Found a shimmering altar of Xom.
 64333 | Abyss:2  | Found a shimmering altar of Xom.
 64333 | Abyss:2  | Found a shimmering altar of Xom.
 64333 | Abyss:2  | Found a shimmering altar of Xom.
 64333 | Abyss:2  | Found a shimmering altar of Xom.
 64371 | Abyss:2  | Reached skill level 5 in Translocations
 64620 | Depths:4 | Escaped the Abyss
 64628 | Depths:4 | Voluntarily entered the Abyss.
 64673 | Abyss:1  | HP: 75/273 [great orb of eyes (7)]
 64745 | Abyss:1  | HP: 90/273 [hellion/damnation (22)]
 64773 | Depths:4 | Escaped the Abyss
 65282 | Elf:1    | Entered Level 1 of the Elven Halls
 65282 | Elf:1    | Found the +2 shield of Resistance {rF+ rC+ MR+}
 65580 | Elf:1    | Found a frozen archway.
 65589 | IceCv    | Entered an ice cave
 66205 | IceCv    | Found the +2 hood of the Assassin {Detection Stab+ Stlth++}
 66244 | IceCv    | Identified the cursed +0 hat of Ijeesch {rF++ Int+3 SInv
                  | Stlth+} (You found it in an ice cave)
 67045 | Elf:1    | Found Xeid's Book Shop.
 67579 | Elf:2    | Found a runed translucent gate.
 67579 | Elf:2    | Found a runed translucent gate.
 67579 | Elf:2    | Found a runed translucent gate.
 67851 | Elf:3    | Entered Level 3 of the Elven Halls
 67949 | Elf:3    | Found Ruzyap's General Store.
 68098 | Elf:3    | Found Maed's Book Shop.
 68106 | Elf:3    | Bought a book of the Warp for 990 gold pieces
 68115 | Elf:3    | Learned a level 8 spell: Controlled Blink
 68115 | Elf:3    | Found Jameyttathri's Antique Weapon Boutique.
 68155 | Elf:3    | Reached skill level 1 in Spellcasting
 68604 | Elf:3    | Cast into level 2 of the Abyss (a deep elf sorcerer)
 68686 | Abyss:2  | Reached skill level 10 in Translocations
 68750 | Elf:3    | Escaped the Abyss
 68974 | Elf:3    | Identified the ring "Taggag" {rElec Str+6 Stlth+}
 68980 | Elf:3    | Reached skill level 5 in Spellcasting
 69202 | Elf:3    | Identified the ring "Weatauh" {Fire MP-9 Int+3 Dex+4 SInv}
 69439 | Elf:3    | Identified the ring "Qudink" {*Tele Str+3 Stlth+}
 69717 | Elf:3    | Identified Ifoloap's Lost Tome of the Archmage
 69886 | Elf:3    | Identified Sif Muna's Almanac of Harmful Aid
 69893 | Elf:3    | Identified the Papyrus of Evil Rites and Transmutation
 70408 | Depths:3 | Voluntarily entered the Abyss.
 70427 | Abyss:2  | Found a corrupted altar of Lugonu.
 70493 | Abyss:3  | Found a corrupted altar of Lugonu.
 70544 | Abyss:3  | Paralysed by accursed screaming for 1 turns
 70617 | Abyss:3  | HP: 70/273 [lurking horror (54)]
 70919 | Abyss:3  | Found a shimmering blue altar of Sif Muna.
 70919 | Abyss:3  | Found an ornate altar of the Wu Jian Council.
 70919 | Abyss:3  | Found a shimmering altar of Xom.
 70919 | Abyss:3  | Found a basalt altar of Yredelemnul.
 70919 | Abyss:3  | Found a shadowy altar of Dithmenos.
 70919 | Abyss:3  | Found a radiant altar of Vehumet.
 70920 | Abyss:3  | Found a shattered altar of Ashenzari.
 70920 | Abyss:3  | Found a glowing silver altar of Zin.
 70920 | Abyss:3  | Found an iron altar of Okawaru.
 70920 | Abyss:3  | Found an ancient bone altar of Kikubaaqudgha.
 70923 | Abyss:3  | Found a hazy altar of Hepliaklqana.
 70928 | Abyss:3  | HP: 76/273 [bone dragon (27)]
 70933 | Abyss:3  | Found a blossoming altar of Fedhas.
 70933 | Abyss:3  | Found a white marble altar of Elyvilon.
 70933 | Abyss:3  | Found a bloodstained altar of Trog.
 70937 | Abyss:3  | Found a glowing golden altar of the Shining One.
 70937 | Abyss:3  | Found a stormy altar of Qazlal.
 70937 | Abyss:3  | Found a burning altar of Makhleb.
 70937 | Abyss:3  | Found an opulent altar of Gozag.
 70939 | Abyss:3  | Found a sparkling altar of Nemelex Xobeh.
 70939 | Abyss:3  | Found an opulent altar of Gozag.
 70939 | Abyss:3  | Found a hide-covered altar of Uskayaw.
 70978 | Depths:3 | Escaped the Abyss
 71275 | Depths:3 | Voluntarily entered the Abyss.
 71345 | Abyss:1  | Gained mutation: You occasionally shout uncontrollably at
                  | your foes. [a neqoxec]
 71347 | Abyss:1  | Gained mutation: Your body sometimes deteriorates upon
                  | taking damage. [a neqoxec]
 71459 | Abyss:2  | Found a corrupted altar of Lugonu.
 71464 | Depths:3 | Escaped the Abyss
 71682 | Depths:3 | Voluntarily entered the Abyss.
 71852 | Abyss:3  | Found a runed translucent door.
 71865 | Abyss:3  | HP: 81/273 [lorocyproca (20)]
 71872 | Abyss:3  | HP: 61/273 [green draconian annihilator/+0 whip (5)]
 71945 | Abyss:3  | HP: 83/273 [ancient zyme (3)]
 71949 | Abyss:4  | Found a corrupted altar of Lugonu.
 71949 | Abyss:4  | Found a corrupted altar of Lugonu.
 71949 | Abyss:4  | Found a transporter.
 71949 | Abyss:4  | Found a transporter.
 71950 | Abyss:4  | HP: 39/273 [starcursed mass/accursed screaming (8)]
 71954 | Depths:3 | Escaped the Abyss
 72464 | Depths:3 | Lost mutation: You occasionally shout uncontrollably at
                  | your foes. [potion of mutation]
 72464 | Depths:3 | Lost mutation: Your body sometimes deteriorates upon taking
                  | damage. [potion of mutation]
 72464 | Depths:3 | Gained mutation: Your body sometimes deteriorates upon
                  | taking damage. [potion of mutation]
 72464 | Depths:3 | Gained mutation: You are resistant to hostile enchantments.
                  | (MR+) [potion of mutation]
 72464 | Depths:3 | Gained mutation: Your flesh is heat resistant. (rF+)
                  | [potion of mutation]
 72466 | Depths:3 | Voluntarily entered the Abyss.
 72712 | Depths:3 | Escaped the Abyss
 72764 | Depths:3 | Voluntarily entered the Abyss.
 72764 | Abyss:1  | Found a corrupted altar of Lugonu.
 72863 | Depths:3 | Escaped the Abyss
 72865 | Depths:3 | Voluntarily entered the Abyss.
 73263 | Depths:3 | Escaped the Abyss
 73440 | Depths:3 | Voluntarily entered the Abyss.
 73638 | Abyss:3  | Found a corrupted altar of Lugonu.
 73653 | Abyss:3  | Got an abyssal rune of Zot
 73807 | Abyss:3  | Found a corrupted altar of Lugonu.
 73822 | Depths:3 | Escaped the Abyss
 74188 | Slime:1  | Entered Level 1 of the Pits of Slime
 74203 | Slime:1  | Reached skill level 10 in Spellcasting
 74572 | Slime:2  | Found a shimmering altar of Xom.
 75040 | Slime:5  | Entered Level 5 of the Pits of Slime
 75074 | Slime:5  | Noticed the Royal Jelly
 75291 | Slime:5  | Gained mutation: Your magical capacity is low. (-10% MP) [a
                  | shining eye]
 75537 | Slime:5  | Found a viscous altar of Jiyva.
 75651 | Slime:5  | Killed the Royal Jelly
 75698 | Slime:5  | Learned a level 1 spell: Apportation
 75700 | Slime:5  | Got a slimy rune of Zot
 75702 | Slime:5  | Identified the ring "Fenoolao" {Fire Int+3} (You found it
                  | on level 5 of the Pits of Slime)
 75708 | Slime:5  | Identified the +5 battleaxe of Eharphex {vorpal, Int+5}
                  | (You found it on level 5 of the Pits of Slime)
 75768 | Slime:5  | Identified the Disquisition on Cold and the Birds
 75839 | Slime:3  | Gained mutation: You are dopey. (Int -2) [a shining eye]
 75842 | Slime:3  | Lost mutation: You are resistant to hostile enchantments.
                  | (MR+) [potion of mutation]
 75842 | Slime:3  | Lost mutation: Your body sometimes deteriorates upon taking
                  | damage. [potion of mutation]
 75842 | Slime:3  | Lost mutation: You are dopey. (Int -2) [potion of mutation]
 75842 | Slime:3  | Lost mutation: Your magical capacity is low. (-10% MP)
                  | [potion of mutation]
 75842 | Slime:3  | Gained mutation: You have a somewhat thin skeletal
                  | structure. (Dex +2, Stealth) [potion of mutation]
 75842 | Slime:3  | Gained mutation: You are dopey. (Int -2) [potion of
                  | mutation]
 75842 | Slime:3  | Lost mutation: Your flesh is heat resistant. (rF+) [potion
                  | of mutation]
 75842 | Slime:3  | Gained mutation: You are somewhat resistant to further
                  | mutation. [potion of mutation]
 76292 | Zot:1    | Entered Level 1 of the Realm of Zot
 76321 | Depths:5 | Reached skill level 15 in Translocations
 78554 | Zot:2    | Noticed an orb of fire
 78575 | Zot:2    | Killed an orb of fire
 79938 | Zot:3    | Noticed an ancient lich
 79943 | Zot:3    | Reached skill level 10 in Evocations
 79945 | Zot:3    | Killed an ancient lich
 81322 | Zot:4    | Reached skill level 15 in Evocations
 82333 | Zot:5    | Entered Level 5 of the Realm of Zot
 82991 | Zot:5    | Noticed an orb of fire
 83003 | Zot:5    | Killed an orb of fire
 83003 | Zot:5    | Noticed an orb of fire
 83006 | Zot:5    | Noticed an orb of fire
 83014 | Zot:4    | Gained mutation: You passively map a small area around you.
                  | [an orb of fire]
 83019 | Zot:4    | Gained mutation: Your spells are a little easier to cast,
                  | but a little less powerful. [an orb of fire]
 83021 | Zot:4    | Killed an orb of fire
 83352 | Zot:5    | Noticed an ancient lich
 83360 | Zot:5    | Noticed an ancient lich
 83363 | Zot:5    | Killed an ancient lich
 83371 | Zot:5    | Killed an ancient lich
 83590 | Zot:5    | Noticed an ancient lich
 83599 | Zot:5    | Killed an ancient lich
 83695 | Zot:5    | Noticed an orb of fire
 83704 | Zot:5    | Killed an orb of fire
 83981 | Zot:5    | Killed an orb of fire
 85263 | Zot:5    | Noticed an ancient lich
 85278 | Zot:5    | Killed an ancient lich
 85577 | Zot:5    | Noticed an ancient lich
 85577 | Zot:5    | Noticed an ancient lich
 85588 | Zot:5    | Killed an ancient lich
 85603 | Zot:5    | Killed an ancient lich
 85827 | Zot:5    | Noticed an ancient lich
 85853 | Zot:5    | Killed an ancient lich
 86102 | Zot:5    | Noticed an ancient lich
 86217 | Zot:5    | Noticed an ancient lich
 86221 | Zot:5    | Killed an ancient lich
 86348 | Zot:5    | Killed an ancient lich
 86372 | Zot:5    | Noticed an ancient lich
 86380 | Zot:5    | Cast into level 5 of the Abyss (an ancient lich)
 86380 | Abyss:5  | Entered Level 5 of the Abyss
 86466 | Abyss:5  | Paralysed by accursed screaming for 1 turns
 86633 | Abyss:5  | HP: 88/273 [rakshasa/+0 trident (13)]
 86638 | Abyss:5  | HP: 85/273 [rakshasa/+0 trident (5)]
 86650 | Abyss:5  | HP: 85/273 [rakshasa/+0 trident (5)]
 86663 | Abyss:5  | HP: 79/273 [tentacled starspawn (4)]
 86670 | Abyss:5  | HP: 72/273 [raiju/living lightning (2)]
 86675 | Abyss:5  | HP: 68/273 [raiju/living lightning (4)]
 86773 | Zot:5    | Escaped the Abyss
 86782 | Zot:4    | Killed an ancient lich
 87765 | Zot:5    | Got the Orb of Zot
 87766 | Zot:5    | Noticed Leebbuun the pandemonium lord
 88111 | Depths:2 | Noticed Zeotayje the pandemonium lord
 88404 | D:2      | Noticed Cuz Pet the pandemonium lord
 88468 | D:1      | phew. storms is loud
 88468 | D:1      | good manuals this game. was going to do extended by the
                  | abyss stunk so changed my mind
 88469 | D:$      | Escaped with the Orb!

Illustrated notes

#
####################
#..................'
#....###############
#....# ######## #
#☼...# #......# #
#...☼# #......# #
#..@.#####......# #
#..○.○...+......## #
#.○.°.####....[..# #
###'#.##.##'####.# #
#...##.(..# #.#
#.##...#### #.#
#.##.####♣♣♣♣♣.♣
#.##....♣♣.♣..♣♣
#.######♣.♣.♣♣♣♣♣#


Turn 43005 on D:11: so many manuals #.≈##'####'####+## ##. #.≈≈#.#.......#.# #.
..≈≈#.#...8...#.# #. ..≈≈#.+.#####.'.# ## ..≈≈#.#...8...#.# # ..≈≈#.#.......#.#
# ..≈##'####+####'## # ..≈#..'......)'..# #.≈#⌠.####'####.@# #.≈####≈≈≈.≈≈≈####
#.≈≈≈≈≈≈≈≈.≈≈≈≈≈≈≈ #..........####### ############ Turn 88468 on D:1: phew.
storms is loud

Levels and vault maps discovered:
D:1:      heliophobic_arrival_glass_houses, layout_basic
D:2:      layout_rooms, old_standard_altar, nemelex_spade_bored_becter
D:3:      minmay_goblin_kobold_castle, layout_basic, first_ration,
          nicolae_qazlal_eye_of_the_storm
D:4:      minmay_chambers_of_twos, layout_loops_corners,
          minmay_temple_entry_hall
D:5:      layout_basic
D:6:      layout_loops_ring, portal_sewer_entry_e, minmay_gold_behind_fungi
D:7:      layout_loops_ring
D:8:      layout_basic
D:9:      layout_basic, serial_shops, shop_scrolls, shop, basic_altar,
          uniq_harold, uniq_maurice
D:10:     layout_roguey, enter_bailey_2, hangedman_fish_farm,
          minmay_mirror_moons_of_madness
D:11:     layout_basic, lair_entry_dummy, ebering_ghost_inner_flame,
          hangedman_tree_tricks, chequers_serial_rivers_marsh
D:12:     layout_gridville, kennysheep_orc_monster_closet_entryway
D:13:     layout_roguey, david_vaults_3
D:14:     kennysheep_funnel, layout_basic, patterned_corridor, uniq_jorgrun
D:15:     gammafunk_depths_entry_grave, layout_long_grid, basic_altar,
          small_statue_intersection, nicolae_two_hexagons, tgw_sif
Lair:1:   layout_chaotic_city, uniq_maggie, uniq_prince_ribbit2, uniq_nergalle
Lair:2:   minmay_guarded_unrand_snakebite, layout_gridlike,
          ebering_ghost_rock_garden, hangedman_lair_generics_rect
Lair:3:   lemuel_slime, layout_gridlike, minmay_shoals_entry_lonely_mermaid,
          eino_small_chamber_without_monster, grunt_megastairs_2
Lair:4:   layout_cave_pods, guppyfry_snake_entry_island
Lair:5:   layout_small_grid, special_room [special_room_mythical_zoo]
Lair:6:   evilmike_catoblepas_cave, layout_cave_pods, slime_dummy
Shoals:1: layout_shoals, serial_shops, nicolae_shop_competitors_out_of_business
Shoals:2: nicolae_shoals_island_circles, layout_shoals,
          nicolae_shoals_kraken_party, uniq_aizul
Shoals:3: layout_shoals
Shoals:4: shoals_end_hangedman, layout_shoals, argonaut_gorgonesque,
          uniq_polyphemus
Snake:1:  hangedman_cross_veins, layout_misc_corridors,
          hangedman_snake_corridor_cut, serial_bayou_shore_b,
          serial_bayou_shore_a
Snake:2:  layout_chambers, serial_shops, shop
Snake:3:  layout_grid_shapes, evilmike_ambush [evilmike_ambush_outer_doors,
          evilmike_ambush_inner_basic]
Snake:4:  grunt_snake_rune_serpentine_throne, layout_basic, grunt_ministairs_13,
          serial_bayou_shore_b
Slime:1:  layout_caves, nicolae_slime_barrier, uniq_donald
Slime:2:  layout_caves, basic_altar
Slime:3:  layout_caves
Slime:4:  layout_caves
Slime:5
Orc:1:    layout_caves, uniq_erolcha
Orc:2:    st_orc_elflike, layout_caves, uniq_rupert
Elf:1:    layout_loops_cross, portal_ice_cave_entry_pillars_2, serial_shops,
          nicolae_shop_window_shopping, hangedman_elf_represent
Elf:2:    layout_onion_city, einodemon_barbed_minivault, uniq_asterion
Elf:3:    minmay_elf_hall_golems, layout_gridlike, serial_shops, shop,
          minmay_shoptagon
Vaults:1: v_misc_8, ontoclasm_vaults_gallery, vaults_room_large_hall,
          nicolae_vaults_sealed_display, v_misc_1, vaults_dpeg_cross,
          vaults_mumra_hex, hangedman_vaults_snaps, layout_vaults_quadrants
Vaults:2: minmay_crypt_entry_nasty_monster, st_hourglassy,
          hangedman_vaults_slither, grunt_vaults_trifunnel,
          nicolae_vaults_mini_display_case, v_misc_17, ontoclasm_vaults_hangar,
          ontoclasm_vaults_gateway, nicolae_vaults_shelves_hall,
          layout_vaults_omnicross
Vaults:3: grunt_vaults_funnel, v_alt_pattern_4, nicolae_vaults_yaktaur_gun_rack,
          st_quartered_hall, nicolae_vaults_little_squares_3, vaults_room_boxed,
          nicolae_vaults_network_barrier, vaults_room_corners,
          nicolae_vaults_specimen_jars, vaults_mumra_minichess_inversion,
          layout_vaults_chaotic_city, serial_shops, freezing_bzr,
          uniq_saint_roka
Vaults:4: vaults_room_corners, ontoclasm_vaults_bender,
          nicolae_vaults_rhombus_7, nicolae_vaults_rhombus_5,
          ontoclasm_vaults_decontamination, nicolae_vaults_network_s,
          nicolae_vaults_shelves_hall, nicolae_vaults_disjoint_gnomons,
          ontoclasm_vaults_ring_large, nicolae_vaults_network_star,
          grunt_vaults_hallway_short, nicolae_vaults_asterisk,
          nicolae_vaults_diagonal_hallway_7, nicolae_vaults_circle_grid_a,
          v_misc_10, layout_vaults_omnibox, enter_trove_6
Vaults:5
Depths:1: layout_long_grid, hellmouth_1, serial_shops, shop, nrook_campfire,
          minmay_acid_items
Depths:2: lemuel_river_lethe, hell_entry
Depths:3: minmay_the_grid_octo_triangle [minmay_the_grid_octo_focus,
          minmay_the_grid_octo_prize_ultimate_mussel_roller,
          minmay_the_grid_octo_concentric], layout_cave_shapes,
          grunt_mini_vestibule, pan_entry, minmay_misc_feat_roman, abyss_entry,
          hangedman_decor_riveting, uniq_nikola
Depths:4: evilmike_lava_path, layout_basic, grunt_pan_entry_in_and_out,
          chequers_serial_rivers_marsh, hell_entry, minmay_room_of_horrors,
          chequers_serial_rivers_micro_d, kennysheep_opposing_triangles,
          minmay_staircase_bubble, serial_bayou_shore_b, uniq_jory
Depths:5: evilmike_zot_entry_gauntlet, layout_cross, abandoned_shop, hell_entry,
          serial_shops, shop
Hell
Zot:1:    layout_onion, grunt_megastairs_1
Zot:2:    grunt_zot_stairs_mandelzot, layout_onion_interference
Zot:3:    layout_gridlike, hangedman_snap_crack_crunch
Zot:4:    nicolae_moth_party, layout_gridville, grunt_megastairs_3
Zot:5:    layout_cathedral_of_symmetry

Skill      XL: |  1  2  3  4  5  6  7  8  9 10 11 12 13 14 15 16 17 18 19 20 21 22 23 24 25 26 27 |
---------------+----------------------------------------------------------------------------------+-----
Axes           | 2 3 4 5 7 9 11 13 14 15 17 19 21 23 24 25 | 25.9
Armour         | 4 6 9 10 12 14 15 16 18 | 18.7
Fighting       | 4 8 9 10 14 17 18 19 20 21 22 23 25 27 | 27.0
Invocations    | 4 9 12 14 16 18 19 20 21 23 24 25 26 27 | 27.0
Evocations     | 3 7 23 | 23.4
Throwing       | 1 6 7 10 14 15 16 | 16.0
Dodging        | 4 8 |  8.9
Translocations | 16 | 16.8
Spellcasting   | 14 | 14.0
Polearms       | |  3.2
Stealth        | |  1.0
Fire Magic     | |  2.1

Action                   |  1- 3 |  4- 6 |  7- 9 | 10-12 | 13-15 | 16-18 | 19-21 | 22-24 | 25-27 || total
-------------------------+-------+-------+-------+-------+-------+-------+-------+-------+-------++-------
Melee: Hand axe          |   137 |   297 |   561 |   165 |       |       |       |       |       ||  1160
       Trident           |       |       |       |   172 |       |       |       |       |       ||   172
       Battleaxe         |       |       |       |   319 |   819 |   886 |  1241 |   573 |  2477 ||  6315
       Flail             |       |       |       |     2 |    13 |       |     9 |       |       ||    24
       Executioner's axe |       |       |       |       |       |       |       |   109 |  1113 ||  1222
Throw: Dart              |       |       |     5 |     8 |     7 |       |       |       |       ||    20
       Boomerang         |       |       |       |       |       |    21 |   103 |   102 |   273 ||   499
       Javelin           |       |       |       |       |       |       |       |       |    16 ||    16
Invok: Elemental Force   |       |       |       |     2 |       |       |       |       |       ||     2
       Upheaval          |       |       |       |     4 |    14 |     4 |    10 |     7 |    46 ||    85
       Disaster Area     |       |       |       |       |     2 |     5 |     1 |     2 |    17 ||    27
Evoke: Lightning rod     |       |       |       |     5 |     6 |       |       |       |       ||    11
       Wand              |       |       |       |     1 |       |       |       |       |     2 ||     3
       Box of beasts     |       |       |       |       |       |       |       |       |     1 ||     1
  Use: Potion            |     2 |       |     2 |       |       |       |       |     2 |    11 ||    17
       Scroll            |       |       |     8 |    18 |     6 |     6 |     4 |       |    30 ||    72
 Stab: Distracted        |       |       |       |       |       |       |       |     3 |     1 ||     4
       Confused          |       |       |       |       |       |       |       |       |     3 ||     3
       Paralysed         |       |       |       |       |       |       |       |       |     1 ||     1
  Eat: Chunk             |     2 |    10 |    18 |    26 |    25 |    17 |    35 |    12 |    44 ||   189
       Ration            |       |     1 |     3 |     1 |     2 |     3 |     2 |     2 |    18 ||    32
Armor: Robe              |    32 |     1 |       |       |       |       |       |       |       ||    33
       Ring mail         |       |   125 |    81 |       |       |       |       |       |       ||   206
       Plate armour      |       |       |    85 |   360 |   498 |   537 |   634 |   400 |   221 ||  2735
       Gold dragon scale |       |       |       |       |       |       |       |       |  2284 ||  2284
Dodge: Dodged            |    83 |   150 |   144 |   142 |   179 |   259 |   423 |   256 |  1352 ||  2988
       Repelled          |       |       |       |       |    13 |    57 |    94 |    27 |   136 ||   327
Block: Other             |       |       |    25 |    99 |   192 |   308 |   379 |   233 |  1113 ||  2349
       Rpst.: Battleaxe  |       |       |       |       |       |    17 |    99 |    37 |   175 ||   328
       Executioner's axe |       |       |       |       |       |       |       |    13 |    74 ||    87
